 Dungeon Crawl Stone Soup version 0.22-a0-542-gce4f928 (webtiles) character file.

30 kae the Insei (level 3, 0/26 HPs)
             Began as a Demonspawn Transmuter on June 24, 2018.
             Slain by a hobgoblin
             ... wielding a +0 club
              (2 damage)
             ... on level 2 of the Dungeon.
             The game lasted 00:01:18 (1032 turns).

kae the Insei (Demonspawn Transmuter)               Turns: 1032, Time: 00:01:19

Health: 0/26       AC:  2    Str:  9 (10) XL:     3   Next: 5%
Magic:  5/6        EV: 12    Int: 13 (14) God:
Gold:   54         SH:  0    Dex: 12 (14) Spells: 3/6 levels left

rFire    . . .     SeeInvis .     - Unarmed
rCold    . . .     Gourm    .   (no shield)
rNeg     . . .     Faith    .   b - +0 robe
rPois    .         Spirit   .   (no helmet)
rElec    .         Reflect  .   (no cloak)
rCorr    .         Harm     .   (no gloves)
MR       .....                  (no boots)
Stlth    ++........             (no amulet)
HPRegen  0.08/turn              c - ring of flight
MPRegen  0.10/turn              (no ring)

@: no status effects
A: talons 1, nightstalker 1
a: Evoke Flight


You were on level 2 of the Dungeon.
You were hungry.

You visited 1 branch of the dungeon, and saw 2 of its levels.

You collected 54 gold pieces.

Inventory:

Missiles
 a - 36 arrows
Armour
 b - a +0 robe (worn)
Jewellery
 c - a ring of flight (left hand)
 h - a cursed ring of loudness {unknown}
Scrolls
 e - 2 scrolls of amnesia {unknown}
 g - a scroll of blinking {unknown}
 i - a scroll of enchant weapon {unknown}
Potions
 j - a potion of haste {unknown}
Comestibles
 d - 2 rations


   Skills:
 + Level 1.4 Fighting
 - Level 1.7 Dodging
 * Level 3.1 Unarmed Combat
 + Level 2.2 Spellcasting
 * Level 2.3 Transmutations


You had 3 spell levels left.
You knew the following spells:

 Your Spells              Type           Power        Failure   Level  Hunger
a - Beastly Appendage     Tmut           #.....       10%         1    ##.....
b - Sticks to Snakes      Tmut           #.......     14%         2    ###....

Your spell library contained the following spells:

 Spells                   Type           Power        Failure   Level  Hunger
 Spider Form              Tmut/Pois      #.........   43%         3    ####...
 Blade Hands              Tmut           #.........   95%         5    ######.
 Ice Form                 Ice/Tmut       #.......     83%         4    #####..


Dungeon Overview and Level Annotations

Branches:
Dungeon (2/15)

Altars:


Innate Abilities, Weirdness & Mutations

You have sharp toenails.
You are slightly more attuned to the shadows.


Message History

Your adder closely misses the hound.
Your adder closely misses the hobgoblin.
The hound bites you but does no damage. The hound bites you but does no damage.
You hit the hound but do no damage.
The hound is heavily wounded.
Your adder completely misses the hobgoblin.
The hound barely misses you.
You miss the hound.
The hound is heavily wounded.
The hound barely misses you. The hobgoblin hits you with a club.
* * * LOW HITPOINT WARNING * * *
Your adder closely misses the hound.
The hound bites you.
* * * LOW HITPOINT WARNING * * *
It was a potion of degeneration.
There was something very wrong with that liquid.
You feel weakened.
You feel dopey.
You feel clumsy.
Your adder misses the hound. The hound barely misses you.
The hobgoblin hits you with a club.
You die...

#...........#
#######'###.# #.#
#.# #######.# #.#
........# #.#
######..# #.#
#...#### #..# #.#
(......# #..# #..
.......# #@.#
.......# #hg#
.$.....# #S.#
.......# #..#
.......###.†#
............#
##########.#######
#........
#########


You could see a hound, a hobgoblin and a friendly adder.

Vanquished Creatures
  An adder (D:2)
  2 dart slugs (D:1)
  A leopard gecko (D:2)
  2 giant cockroaches
  3 goblins (D:1)
  2 hobgoblins (D:1)
  2 frilled lizards (D:1)
  5 rats
18 creatures vanquished.

Notes
Turn   | Place    | Note
-------+----------+-------------------------------------------
     0 | D:1      | kae the Demonspawn Transmuter began the quest for the Orb.
     0 | D:1      | Reached XP level 1. HP: 15/15 MP: 3/3
   358 | D:1      | Gained mutation: You have sharp toenails. [demonic ancestry]
   358 | D:1      | Reached XP level 2. HP: 21/21 MP: 5/5
   362 | D:1      | Learned a level 2 spell: Sticks to Snakes
   408 | D:1      | Reached skill level 3 in Unarmed Combat
   952 | D:2      | Gained mutation: You are slightly more attuned to the shadows. [demonic ancestry]
   952 | D:2      | Reached XP level 3. HP: 23/26 MP: 4/6
  1032 | D:2      | Slain by a hobgoblin

Vault maps used:
D:1:      ncdulo_watergridlock
D:2:      st_stairs_12

Skill      XL: |  1  2 |
---------------+-------+-----
Transmutations | 2 |  2.3
Unarmed Combat | 3 |  3.1
Fighting       | |  1.4
Dodging        | |  1.7
Spellcasting   | |  2.2

Action                   || total
-------------------------++-------
Melee: Unarmed           ||    52
       Kick              ||    15
       Headbutt          ||     2
 Cast: Beastly Appendage ||     6
       Sticks to Snakes  ||     1
  Use: Potion            ||     1
 Stab: Sleeping          ||     2
Armor: Robe              ||     8
Dodge: Dodged            ||    28

Table legend:
 A = Spawn XP
 B = Non-spawn XP
 C = Spawn XP percentage of total XP
 D = Spawn monster count
 E = Non-spawn monster count
 F = Spawn count percentage of total count
 G = Total turns spent on level
                    A         B        C        D         E        F      G
               +---------+---------+-------+---------+---------+-------+---------
         Total |       0 |      44 |   0.0 |       0 |      18 |   0.0 |  1032
               +---------+---------+-------+---------+---------+-------+---------
           D:1 |       0 |      25 |   0.0 |       0 |      14 |   0.0 |   636
           D:2 |       0 |      19 |   0.0 |       0 |       4 |   0.0 |   396
               +---------+---------+-------+---------+---------+-------+---------
